 Dungeon Crawl Stone Soup version 0.31-a0-851-g7ff8af7976 (webtiles) character file.

Game seed: 176426757447985053

7971 BinkBink the Blocker (level 11, -7/97 HPs)
             Began as a Minotaur Fighter on Oct 6, 2023.
             Was a Priest of Qazlal.
             Killed from afar by a deep elf knight (18 damage)
             ... with a shard of ice
             ... on level 10 of the Dungeon.
             The game lasted 00:14:23 (8549 turns).

BinkBink the Blocker (Minotaur Fighter)             Turns: 8549, Time: 00:14:23

Health: -7/97      AC: 17    Str: 25    XL:     11   Next: 3%
Magic:  10/10      EV: 14    Int:  5    God:    Qazlal [***...]
Gold:   257        SH: 28    Dex: 10    Spells: 10/10 levels left

rFire   . . .        I - +6 falchion (protect)
rCold   . . .        s - +3 tower shield {rPois}
rNeg    . . .        z - +0 plate armour
rPois   +            (helmet restricted)
rElec   .            F - +0 cloak
rCorr   .            (no gloves)
SInv    .            k - +2 pair of slick slippers {slick, slippery, EV+4}
Will    .....        H - amulet of reflection Stlth
                     h - +5 ring of evasion
HPRegen 0.36/turn    (no ring)
MPRegen 0.12/turn

%: reflection
@: studying Summonings
A: horns 2, retaliatory headbutt
a: Renounce Religion, Upheaval, Elemental Force


You were on level 10 of the Dungeon.
You worshipped Qazlal.
Qazlal was most pleased with you.
You visited 2 branches of the dungeon, and saw 11 of its levels.

You collected 589 gold pieces.
You spent 332 gold pieces at shops.

Inventory:

Hand Weapons
 I - a +6 falchion of protection (weapon)
Missiles
 a - a throwing net
Armour
 k - the +2 pair of slick slippers (worn) {slick, slippery, EV+4}
   (You acquired it on level 8 of the Dungeon)

   Slick:     Its wearer cannot be constricted, engulfed, netted or webbed.
   Slippery:  Its wearer slips away from damaging melee attacks, pulling the
   attacker onward.
   EV+4:      It affects your evasion (+4).
 s - a +3 tower shield of poison resistance (worn)
 z - a +0 plate armour (worn)
 F - a +0 cloak (worn)
Jewellery
 h - a +5 ring of evasion (left hand)
 j - a ring of fire
 H - an amulet of reflection (around neck)
 J - a ring of protection from cold
 K - a ring of ice
Wands
 c - a wand of flame (22)
 u - a wand of paralysis (12)
 y - a wand of polymorph (19)
Scrolls
 d - a scroll of silence
 e - a scroll of blinking
 f - 2 scrolls of amnesia
 i - 4 scrolls of noise
 m - a scroll of poison
 o - 3 scrolls of identify
 q - a scroll of fog
 r - 2 scrolls of revelation
 v - 3 scrolls of teleportation
 C - 2 scrolls of fear
 G - a scroll of vulnerability {unknown}
 L - 2 scrolls of immolation {unknown}
Potions
 g - 3 potions of heal wounds {unknown}
 l - 2 potions of invisibility {unknown}
 n - a potion of enlightenment {unknown}
 p - a potion of ambrosia {unknown}
 t - a potion of magic {unknown}
 w - 6 potions of curing {unknown}
 x - 2 potions of attraction {unknown}
 B - a potion of mutation {unknown}
 D - a potion of might
 M - a potion of brilliance {unknown}
 N - a potion of haste {unknown}


   Skills:
 + Level 9.0 Fighting
 * Level 12.1 Long Blades
 + Level 9.0 Armour
 * Level 12.3 Shields


You had 10 spell levels left.
You didn't know any spells.
Your spell library contained the following spells:

 Spells                   Type           Power      Damage    Failure   Level
 Inner Flame              Hex/Fire       0%         N/A       100%        3
 Volatile Blastmotes      Fire/Tloc      0%         2d10      100%        3
 Fulminant Prism          Conj/Hex       0%         3d5       100%        4
 Iskenderun's Mystic Bla  Conj/Tloc      0%         2d3       100%        4
 Yara's Violent Unravell  Hex/Tmut       0%         3d3       100%        5
 Enfeeble                 Hex            0%         N/A       100%        7


Dungeon Overview and Level Annotations

Branches:
Dungeon (10/15)            Temple (1/1) D:6
   Lair: D:8-11         Orc: D:9-12

Altars:
Ashenzari
Cheibriados
Dithmenos
Elyvilon
Fedhas
Gozag
Hepliaklqana
Kikubaaqudgha
Makhleb
Nemelex Xobeh
Okawaru
Qazlal
Ru
Sif Muna
Trog
Uskayaw
Vehumet
Wu Jian
Xom
Yredelemnul
Zin
The Shining One

Shops:
D:2 [   D:3 *   D:7 *   D:8 *

Annotations:
D:4 1 runed translucent door, Crazy Yiuf
D:7 exclusion: statue


Innate Abilities, Weirdness & Mutations

You have a pair of horns on your head.
You reflexively headbutt those who attack you in melee.


Message History

Moving in this stuff is going to be slow.
The deep elf knight hits you with a +0 short sword!
You block the deep elf knight's attack.
The deep elf knight hits the plant with a +0 short sword!
The plant begins to die.
The two-headed ogre is engulfed in freezing vapours.
The two-headed ogre hits the plant with a +0 giant club!
The two-headed ogre hits the plant with a +0 giant club!!
The deep elf knight hits the plant with a +0 short sword!!
The troll bites the plant!
The troll claws the plant.
The troll claws the plant!
The deep elf knight hits the plant with a +0 short sword.
The two-headed ogre hits the plant with a +0 giant club!
The two-headed ogre hits the plant with a +0 giant club!!
The troll bites the plant.
The troll claws the plant! x2
The deep elf knight hits the plant with a +0 short sword!!
The troll bites the plant!
The plant is destroyed!
The deep elf knight mumbles some strange words.
The deep elf knight flickers and vanishes!
Deactivating autopickup; reactivate with Ctrl-A.
You hear some strange, mumbled words.
A shard of ice appears from out of thin air!
You block the shard of ice... and reflect it back!
The shard of ice hits something!!
You hear some strange, mumbled words.
A lance of force appears from out of thin air!
You block the lance of force... and reflect it back!
The lance of force hits something!
You miss something.
You hear some strange, mumbled words.
A shard of ice appears from out of thin air!
The shard of ice hits you!!
* * * LOW HITPOINT WARNING * * *
You block something's attack.
You miss something.
You hear some strange, mumbled words.
A shard of ice appears from out of thin air!
The shard of ice hits you!!
You die...

#...........##..#.#..######+###
#...........##..†.+...###T....#
#.###..###..##.†..#....###.....
#.# #..# #..##.#..#.....###....
#.# #..# #..##.##.##.....###...
#.# #..# #..##.##.###.....###..
#.# #..# #.....#..#####'#######
#.# #..# #..##.#...............
#.# #..# #..##@#...##.#..##.###
#.# #..# #..##{##..##....##....
#.# #..# #..##T##..####..##....
#.# #..# #..##.##..# #..##.###
#.###..# #..##.##..####..##.# #
#...#..###..##.##....(...##.# #
#.#.........................# #
#.#########.##########......# #
#.# ♣♣~.♣♣ ♣≈♣ #####..# #


You could see a troll.

Vanquished Creatures
  A two-headed ogre (D:9)
  Joseph (D:8)
  Psyche (D:8)
  A troll (D:10)
  3 slime creatures (D:9)
  A wraith (D:8)
  8 yaks
  Grum (D:8)
  A steam dragon (D:6)
  2 vampire mosquitoes (D:10)
  2 acid dragons
  3 orc warriors
  2 sky beasts (D:7)
  3 black bears (D:5)
  An ogre (D:6)
  5 centaurs
  2 wolves (D:8)
  A phantom (D:6)
  A kobold brigand (D:10)
  A gnoll sergeant (D:6)
  5 bullfrogs
  4 scorpions
  11 wights
  5 killer bees (D:9)
  3 howler monkeys
  2 jellies
  5 orc priests
  A gnoll bouda (D:8)
  2 hounds
  Ijyb (D:3)
  2 iguanas
  2 sleepcaps
  8 orc wizards
  A mummy (D:4)
  Robin (D:1)
  13 gnolls
  8 adders
  2 shadow imps
  An ufetubus (D:5)
  3 worms
  2 dart slugs
  30 orcs
  7 endoplasms
  A giant cockroach (D:4)
  15 goblins
  9 hobgoblins
  10 jackals
  5 kobolds
  4 quokkas
  6 ball pythons
  3 bats
  2 frilled lizards (D:3)
  9 rats
224 creatures vanquished.

Vanquished Creatures (others)
  An orc (D:8)
1 creature vanquished.

Grand Total: 225 creatures vanquished

Notes
Turn   | Place    | Note
-------+----------+-------------------------------------------
     0 | D:1      | BinkBink the Minotaur Fighter began the quest for the Orb.
     0 | D:1      | Reached XP level 1. HP: 19/19 MP: 0/0
   200 | D:1      | Reached XP level 2. HP: 26/27 MP: 1/1
   497 | D:2      | Noticed Robin
   587 | D:1      | Killed Robin
   588 | D:1      | Reached XP level 3. HP: 24/33 MP: 2/2
   642 | D:2      | Reached XP level 4. HP: 20/40 MP: 3/3
   940 | D:2      | Found Bips's Armour Shop.
  1804 | D:3      | Reached skill level 5 in Shields
  1804 | D:3      | Reached XP level 5. HP: 32/47 MP: 4/4
  2077 | D:3      | Found a broken altar of Ashenzari.
  2102 | D:3      | Found a sparkling altar of Nemelex Xobeh.
  2270 | D:3      | Found Zin's Purification Station.
  2274 | D:3      | Found a glowing silver altar of Zin.
  2483 | D:3      | Noticed Ijyb
  2483 | D:3      | Paralysed by Ijyb for 5 turns
  2494 | D:3      | Paralysed by Ijyb for 4 turns
  2500 | D:3      | Paralysed by Ijyb for 5 turns
  2509 | D:3      | Paralysed by Ijyb for 5 turns
  2514 | D:3      | Killed Ijyb
  2740 | D:4      | Reached XP level 6. HP: 53/53 MP: 5/5
  2778 | D:4      | Reached skill level 5 in Long Blades
  2797 | D:4      | Found a basalt altar of Yredelemnul.
  2797 | D:4      | Found a bloodstained altar of Trog.
  3082 | D:4      | Found a snail-covered altar of Cheibriados.
  3153 | D:4      | Found a runed translucent door.
  3154 | D:4      | Noticed Crazy Yiuf
  3406 | D:5      | Entered Level 5 of the Dungeon
  3534 | D:5      | Reached skill level 5 in Armour
  3535 | D:5      | Reached skill level 5 in Fighting
  3536 | D:5      | Reached XP level 7. HP: 26/61 MP: 6/6
  4401 | D:5      | Found a hazy altar of Hepliaklqana.
  4490 | D:6      | Found a staircase to the Ecumenical Temple.
  4498 | Temple   | Entered the Ecumenical Temple
  4505 | Temple   | Became a worshipper of Qazlal Stormbringer
  4564 | D:6      | Reached XP level 8. HP: 65/69 MP: 7/7
  4856 | D:6      | Found a glowing golden altar of the Shining One.
  5019 | D:6      | Reached * piety under Qazlal
  5253 | D:6      | Noticed a gargoyle
  5628 | D:6      | Found an opulent altar of Gozag.
  5743 | D:7      | Reached XP level 9. HP: 72/78 MP: 8/8
  6098 | D:7      | Identified the +0 leather armour of Springtime {rF+}
  6124 | D:7      | Found a radiant altar of Vehumet.
  6197 | D:7      | Found Seudep's Assorted Antiques.
  6200 | D:7      | Bought a scroll labelled ITROSI CINOD ZUENI for 28 gold
                  | pieces
  6200 | D:7      | Bought a scroll labelled XUBRONW MUUNOT for 28 gold pieces
  6200 | D:7      | Bought a scroll labelled DITURO GUECK for 28 gold pieces
  6200 | D:7      | Bought a scroll labelled VAWYNUD QAVA for 28 gold pieces
  6200 | D:7      | Bought a scroll labelled SUMETT GANUKH for 28 gold pieces
  6220 | D:7      | Found a burning altar of Makhleb.
  6342 | D:8      | Reached skill level 10 in Shields
  6402 | D:8      | Reached skill level 10 in Long Blades
  6422 | D:8      | Noticed Psyche
  6440 | D:8      | Killed Psyche
  6440 | D:8      | Reached ** piety under Qazlal
  6687 | D:8      | Noticed Grum
  6692 | D:8      | Noticed Joseph
  6699 | D:8      | Killed Grum
  6700 | D:8      | Reached XP level 10. HP: 88/88 MP: 9/9
  6728 | D:8      | Killed Joseph
  7106 | D:8      | Found Fegamus's Assorted Antiques.
  7113 | D:8      | Bought a runed ruby ring for 110 gold pieces
  7113 | D:8      | Bought a scroll labelled OSTRED BAEVOPP for 22 gold pieces
  7113 | D:8      | Bought a bubbling puce potion for 19 gold pieces
  7113 | D:8      | Bought a scroll labelled VAWYNUD QAVA for 22 gold pieces
  7113 | D:8      | Bought a fuming black potion for 19 gold pieces
  7456 | D:8      | Identified a scroll of acquirement
  7456 | D:8      | Acquired the +2 pair of slick slippers {slick, slippery,
                  | EV+4}
  7456 | D:8      | Found the +2 pair of slick slippers {slick, slippery, EV+4}
  7974 | D:9      | Noticed a two-headed ogre
  7982 | D:9      | Killed a two-headed ogre
  8055 | D:9      | Reached *** piety under Qazlal
  8332 | D:9      | Found a white marble altar of Elyvilon.
  8366 | D:10     | Entered Level 10 of the Dungeon
  8445 | D:10     | Reached XP level 11. HP: 97/97 MP: 10/10
  8519 | D:10     | Identified the ring of Joref {Wiz rF++ rN+ Will-}
  8519 | D:10     | Noticed a deep elf knight
  8528 | D:10     | Noticed a two-headed ogre
  8549 | D:10     | Killed from afar by a deep elf knight

Illustrated notes

Levels and vault maps discovered:
D:1:      eino_arrival_cavern_d, layout_rooms
D:2:      layout_basic, serial_shops, shop, uniq_robin
D:3:      minmay_wonky_spiral, layout_basic,
          mainiacjoe_overflow_large_starburst, zin_purify, uniq_ijyb
D:4:      layout_rooms, slow_altar_2, amethyst_overflow_temple_binary,
          uniq_crazy_yiuf_cottage
D:5:      layout_loops_ring, nicolae_hepliaklqana_hippocampus,
          minmay_gold_behind_fungi
D:6:      layout_basic, nicolae_gozag_cash_rules_everything_around_me,
          tso_metal_star, minmay_temple_entry_steel_oval
D:7:      layout_rooms, vehumet_statue, mainiacjoe_overflow_brackets,
          serial_shops, kennysheep_mini_moat
D:8:      layout_loops_ring, serial_shops, shop, minmay_manual_monstrance,
          uniq_grum, uniq_joseph, uniq_psyche
D:9:      layout_loops_ring, mainiacjoe_overflow_alcove_4
D:10:     nzn_winding_woodlands_three_and_one
          [nzn_winding_woodlands_5x15_lazy_stream,
          nzn_winding_woodlands_5x15_twine, nzn_winding_woodlands_5x15_cabin,
          nzn_winding_woodlands_center_diamonds], layout_long_grid,
          kennysheep_minor_cross, minmay_quadrilaterals, uniq_fannar
Temple:   hellmonk_temple_micro_hex

Skill      XL: |  1  2  3  4  5  6  7  8  9 10 |
---------------+-------------------------------+-----
Long Blades    | 3 4 5 6 8 10 12 | 12.1
Shields        | 4 5 6 7 8 10 12 | 12.3
Armour         | 4 5 6 7 9 |  9.0
Fighting       | 4 5 6 7 9 |  9.0

Action                     |  1- 3 |  4- 6 |  7- 9 | 10-12 || total
---------------------------+-------+-------+-------+-------++-------
  Melee: Long sword        |    46 |   187 |   324 |       ||   557
         Headbutt          |     9 |    20 |    71 |    44 ||   144
         Falchion          |       |       |    10 |   225 ||   235
    Use: Potion            |       |     1 |       |       ||     1
         Scroll            |       |       |       |    20 ||    20
   Stab: Distracted        |       |       |     1 |       ||     1
 Armour: Scale mail        |    45 |    94 |   153 |    46 ||   338
         Skin              |       |       |    32 |       ||    32
         Plate armour      |       |       |       |    10 ||    10
  Dodge: Dodged            |    49 |   124 |   167 |    44 ||   384
  Block: Buckler           |    13 |    31 |    56 |       ||   100
         Tower shield      |       |       |   137 |   239 ||   376
         Reflection        |       |       |     1 |    17 ||    18

Table legend: (Time is in decaauts)
 A = Elapsed time spent in this place.
 B = Non-inter-level travel time spent in this place.
 C = Inter-level travel time spent in this place.
 D = Time resting spent in this place.
 E = Time spent auto-exploring this place.
 F = Levels seen in this place.
 G = Mean time per level.
                   A        B        C        D        E       F      G
               +--------+--------+--------+--------+--------+-----+--------+
         Total |   8609 |   8181 |    428 |    244 |   6242 |  11 |  782.6 |
       Dungeon |   8594 |   8172 |    422 |    244 |   6242 |  10 |  859.4 |
        Temple |     14 |      8 |      6 |      0 |      0 |   1 |   14.0 |
               +--------+--------+--------+--------+--------+-----+--------+

Top non-repeatable levels by time:
     D:5: 1228 daAuts
     D:8: 1210 daAuts
     D:6: 1060 daAuts
     D:3: 1019 daAuts
     D:2: 1007 daAuts
     D:9: 835 daAuts
     D:4: 799 daAuts
     D:1: 627 daAuts
     D:7: 616 daAuts
    D:10: 188 daAuts
  Temple: 14 daAuts
